 Dungeon Crawl Stone Soup version 0.30.1-4-g462c640d31 (webtiles) character file.

Game seed: 16986825134530020166

9 Zeor the Chiller (level 2, 0/19 HPs)
             Began as a Merfolk Ice Elementalist on Sept 6, 2023.
             Slain by a quokka (4 damage)
             ... on level 1 of the Dungeon.
             The game lasted 00:00:59 (279 turns).

Zeor the Chiller (Merfolk Ice Elementalist)          Turns: 279, Time: 00:01:00

Health: 0/19       AC:  2    Str:  8    XL:     2   Next: 12%
Magic:  1/5        EV: 12    Int: 14    God:
Gold:   0          SH:  0    Dex: 14    Spells: 4/5 levels left

rFire   . . .        c - +0 dagger
rCold   . . .        (no shield)
rNeg    . . .        a - +0 robe
rPois   .            (no helmet)
rElec   .            (no cloak)
rCorr   .            (no gloves)
SInv    .            (no boots)
Will    .....        (no amulet)
Stlth   ++           (no ring)
HPRegen 0.23/turn    (no ring)
MPRegen 0.09/turn

%: no passive effects
@: very slightly contaminated
A: (nimble swimmer 2), mertail
a: no special abilities


You were on level 1 of the Dungeon.
You visited 1 branch of the dungeon, and saw 1 of its levels.

Inventory:

Hand Weapons
 c - a +0 dagger (weapon)
Armour
 a - a +0 robe (worn)
Scrolls
 d - a scroll of noise {unknown}
 f - a scroll of identify {unknown}
Potions
 b - a potion of magic
 e - a potion of might {unknown}


   Skills:
 + Level 2.7 Dodging
 + Level 2.3 Stealth
 + Level 2.1 Spellcasting
 + Level 4.7 Ice Magic


You had 4 spell levels left.
You knew the following spells:

 Your Spells              Type           Power      Damage    Failure   Level
a - Freeze                Ice            56%        1d7       3%          1

Your spell library contained the following spells:

 Spells                   Type           Power      Damage    Failure   Level
 Frozen Ramparts          Ice            28%        1d5       10%         3
 Ozocubu's Armour         Ice            14%        N/A       10%         3
 Summon Ice Beast         Ice/Summ       8%         N/A       65%         4


Dungeon Overview and Level Annotations

Branches:
Dungeon (1/15)

Altars:


Innate Abilities, Weirdness & Mutations

((You are very nimble when in or above water. (Stealth+, EV+, Speed+++)))
Your lower body shifts to a powerful aquatic tail in water.


Message History

You completely miss the endoplasm.
The endoplasm is moderately wounded.
The endoplasm freezes you.
You are frozen.
You hit the endoplasm.
The endoplasm is severely wounded.
The endoplasm freezes you.
You are frozen.
You are too injured to fight recklessly!
You hit the endoplasm.
You kill the endoplasm!
You have reached level 2!
Aiming: Freeze (safe; 3% risk of failure)
Press: ? - help, Q - select action Shift-Dir - straight line, f/p - goblin
Aim: a goblin, wielding a +0 club (heavily wounded)
You miscast Freeze.
You are very lightly contaminated with residual magic.
Nothing appears to happen.
The goblin hits you with a +0 club.
* * * LOW HITPOINT WARNING * * *
Unknown command.
Aiming: Freeze (safe; 3% risk of failure)
Press: ? - help, Q - select action Shift-Dir - straight line, f/p - goblin
Aim: a goblin, wielding a +0 club (heavily wounded)
You freeze the goblin.
You kill the goblin!
Unknown command.
Aiming: Freeze (safe; 3% risk of failure)
Press: ? - help, Q - select action Shift-Dir - straight line, f - quokka
Aim: a quokka You freeze the quokka.
The quokka is lightly wounded.
The quokka completely misses you. The quokka closely misses you.
Aiming: Freeze (safe; 3% risk of failure)
Press: ? - help, Q - select action Shift-Dir - straight line, f/p - quokka
Aim: a quokka (lightly wounded)
You freeze the quokka.
The quokka is severely wounded.
The quokka bites you.
You die...

▒▒▒▒▒▒▒▒▒▒▒▒▒
∙∙∙∙∙∙∙∙∙∙∙∙▒
∙∙∙∙∙∙∙∙∙∙∙∙▒▒▒▒▒▒▒
∙∙∙∙∙∙∙∙∙∙∙∙rm∙∙∙∙▒
∙∙∙∙∙∙∙∙∙∙∙∙▒▒▒▒▒∙▒
▒▒▒▒∙▒▒▒▒▒▒▒▒ ▒∙▒ ▒
▒∙▒ ▒∙▒ ▒∙▒▒ ∙ ▒∙∙▒
∙∙∙ ▒▒∙▒▒▒▒ ▒∙∙∙
▒∙∙∙∙▒▒ ▒[∙∙


You could see a quokka.

Vanquished Creatures
  An endoplasm (D:1)
  A goblin (D:1)
  2 hobgoblins (D:1)
  2 jackals (D:1)
  A frilled lizard (D:1)
7 creatures vanquished.

Notes
Turn   | Place    | Note
-------+----------+-------------------------------------------
     0 | D:1      | Zeor the Merfolk Ice Elementalist began the quest for the
                  | Orb.
     0 | D:1      | Reached XP level 1. HP: 13/13 MP: 3/3
   276 | D:1      | Reached XP level 2. HP: 6/19 MP: 5/5
   279 | D:1      | Slain by a quokka

Illustrated notes

Levels and vault maps discovered:
D:1:      dpeg_arrival_tiny_a, layout_basic

Action                     || total
---------------------------++-------
  Melee: Dagger            ||    13
   Cast: Freeze            ||    13
 Armour: Robe              ||     4
  Dodge: Dodged            ||    19
